Workbook

Sheet Orçamento
A1: Obra | E1: Bancos | G1: B.D.I. | K1: Encargos Sociais
A2: =BDI!B1 -> CONTRATAÇÃO DE MÃO DE OBRA | E2: SINAPI - 01/2025 - Goiás AGETOP CIVIL - 10/2025 - Goiás | G2: =BDI!C25 -> 0.2928 | K2: =BDI!B5 -> Desonerado
A3: =BDI!B2 -> MUNICIPIO DE SÃO DOMINGOS - GO
A4: =BDI!B3 -> SÃO DOMINGOS - GO
A5: Orçamento Sintético
A6: Item | B6: Código | C6: Banco | D6: Descrição | E6: Und | F6: Quant. | G6: Valor Unit | H6: Valor Unit SEM BDI | I6: Valor Unit com BDI | J6: Total | K6: Peso (%)
A7: 1 | D7: CONTRAÇÃO DE MÃO DE OBRA | F7: 1 | H7: =SUM(H8,H10,H12,H14,H16,H18) -> 1138840 | I7: =SUM(I8,I10,I12,I14,I16,I18) -> 378867.97 | J7: =SUM(J8,J10,J12,J14,J16,J18) -> 1472292.4 | K7: =J7/$I$23 -> 1
A8: 1.1 | D8: PINTOR | F8: 7 | H8: =F9*G9*F8 -> 373940 | I8: =J9 -> 69061.376 | J8: =F8*I8 -> 483429.63 | K8: =J8/$I$23 -> 0.32835166
A9: 1.1.1 | B9: 0018 | C9: AGETOP CIVIL | D9: PINTOR | E9: H | F9: 2000 | G9: 26.71 | H9: =F9*G9 -> 53420 | I9: =G9*(1+$G$2) -> 34.530688 | J9: =F9*I9 -> 69061.376 | K9: =J9/$I$23 -> 0.046907379
A10: 1.2 | D10: PEDREIRO | F10: 5 | H10: =F11*G11*F10 -> 266700 | I10: =J11 -> 68957.952 | J10: =F10*I10 -> 344789.76 | K10: =J10/$I$23 -> 0.23418566
A11: 1.2.1 | B11: 0004 | C11: AGETOP CIVIL | D11: PEDREIRO | E11: H | F11: 2000 | G11: 26.67 | H11: =F11*G11 -> 53340 | I11: =G11*(1+$G$2) -> 34.478976 | J11: =F11*I11 -> 68957.952 | K11: =J11/$I$23 -> 0.046837133
A12: 1.3 | D12: SERVENTE | F12: 6 | H12: =F13*G13*F12 -> 246120 | I12: =J13 -> 53030.656 | J12: =F12*I12 -> 318183.94 | K12: =J12/$I$23 -> 0.21611464
A13: 1.3.1 | B13: 0008 | C13: AGETOP CIVIL | D13: AJUDANTE | E13: H | F13: 2000 | G13: 20.51 | H13: =F13*G13 -> 41020 | I13: =G13*(1+$G$2) -> 26.515328 | J13: =F13*I13 -> 53030.656 | K13: =J13/$I$23 -> 0.036019107
A14: 1.4 | D14: SERRALHEIRO | F14: 2 | H14: =F15*G15*F14 -> 106840 | I14: =J15 -> 69061.376 | J14: =F14*I14 -> 138122.75 | K14: =J14/$I$23 -> 0.093814759
A15: 1.4.1 | B15: 0021 | C15: AGETOP CIVIL | D15: SERRALHEIRO | E15: H | F15: 2000 | G15: 26.71 | H15: =F15*G15 -> 53420 | I15: =G15*(1+$G$2) -> 34.530688 | J15: =F15*I15 -> 69061.376 | K15: =J15/$I$23 -> 0.046907379
A16: 1.5 | D16: CARPINTEIRO | F16: 2 | H16: =F17*G17*F16 -> 106760 | I16: =J17 -> 69009.664 | J16: =F16*I16 -> 138019.33 | K16: =J16/$I$23 -> 0.093744512
A17: 1.5.1 | B17: 0010 | C17: AGETOP CIVIL | D17: CARPINTEIRO | E17: H | F17: 2000 | G17: 26.69 | H17: =F17*G17 -> 53380 | I17: =G17*(1+$G$2) -> 34.504832 | J17: =F17*I17 -> 69009.664 | K17: =J17/$I$23 -> 0.046872256
A18: 1.6 | D18: VIDRACEIRO | F18: 1 | H18: =F19*G19*F18 -> 38480 | I18: =J19 -> 49746.944 | J18: =F18*I18 -> 49746.944 | K18: =J18/$I$23 -> 0.033788768
A19: 1.6.1 | B19: 00010489 | C19: SINAPI | D19: VIDRACEIRO (HORISTA) | E19: H | F19: 2000 | G19: 19.24 | H19: =F19*G19 -> 38480 | I19: =G19*(1+$G$2) -> 24.873472 | J19: =F19*I19 -> 49746.944 | K19: =J19/$I$23 -> 0.033788768
F21: Total sem BDI | I21: =SUM(H8,H10,H12,H14,H16,H18) -> 1138840
F22: Total do BDI | I22: =I23-I21 -> 333452.35
F23: Total Geral | I23: =SUM(J7) -> 1472292.4
F25: =BDI!D29 -> São Domingos - GO, 06 de março de 2026
D28: =BDI!C34 -> RESPONSÁVEL TÉCNICO
D29: =BDI!C35 -> Thallys Cabral de Morais
D30: =BDI!C36 -> Engenhario Civil
D31: =BDI!C37 -> 1.015.097.391 D/GO

Sheet BDI
A1: OBRA: | B1: CONTRATAÇÃO DE MÃO DE OBRA
A2: LOCAL: | B2: MUNICIPIO DE SÃO DOMINGOS - GO
A3: CIDADE: | B3: SÃO DOMINGOS - GO
A4: =[1]ORÇ!C9 -> DATA: | B4: São Domingos - GO, 06 de março de 2026
A5: REGIME: | B5: Desonerado
A7: PLANILHA DE CÁLCULO DO BDI (Acórdão TCU nº 2622/2013)
A8: TIPO DE OBRA / SERVIÇO
A9: CONSTRUÇÃO DE EDIFÍCAÇÃO
A10: REGIME DE DESONERAÇÃO SOBRE A FOLHA DE PAGAMENTO
A11: NÃO (PADRÃO)
A12: COMPONENTES DO BDI | D12: ORIENTAÇÕES ACORDÃO TCU Nº2622/2013
D13: VALORES REFERENCIAIS DOS COMPONENTES
D14: 1º QUARTIL | E14: MÉDIO | F14: 3º QUARTIL
A15: AC | B15: TAXA DE ADMINISTRAÇÃO CENTRAL | C15: 0.04 | D15: 0.03 | E15: 0.04 | F15: 0.055
A16: S + G | B16: TAXA DE SEGUROS E GARANTIAS | C16: 0.008 | D16: 0.008 | E16: 0.008 | F16: 0.01
A17: R | B17: TAXA DE RISCOS | C17: 0.01 | D17: 0.0097 | E17: 0.0127 | F17: 0.0127
A18: DF | B18: TAXA DE DESPESAS FINANCEIRAS | C18: 0.01 | D18: 0.0059 | E18: 0.0123 | F18: 0.0139
A19: L | B19: TAXA DE LUCRO | C19: 0.0616 | D19: 0.0616 | E19: 0.074 | F19: 0.0896
A20: T | B20: TAXA DE INCIDÊNCIA DOS TRIBUTOS | C20: =SUM(C21:C24) -> 0.1225
A21: PIS | C21: 0.0065 | D21: Reg. cumulativo = 0,65% (Obras)Reg. não cumulativo = 1,65% (Projetos)
A22: COFINS | C22: 0.03 | D22: Reg. cumulativo = 3,00% (Obras)Reg. não cumulativo = 7,50% (Projetos)
A23: ISS | C23: 0.05 | D23: 1,00% a 5,00% (de acordo com legislação municipal)
A24: CPRB (REGIME DE DESONERAÇÃO) | C24: 0.036 | D24: 4,50% somente no regime de desoneração
C25: =ROUND(((((1+(C15+C17+C16))*(1+C18)*(1+C19))/(1-C20))-1),4) -> 0.2928
D29: =B4 -> São Domingos - GO, 06 de março de 2026
C34: RESPONSÁVEL TÉCNICO
C35: Thallys Cabral de Morais
C36: Engenhario Civil
C37: 1.015.097.391 D/GO
F71: =BDI!D29 -> São Domingos - GO, 06 de março de 2026
D73: =BDI!C34 -> RESPONSÁVEL TÉCNICO
D74: =BDI!C35 -> Thallys Cabral de Morais
D75: =BDI!C36 -> Engenhario Civil
D76: =BDI!C37 -> 1.015.097.391 D/GO

Sheet CRONOGRAMA
A1: OBRA: | D1: =BDI!B1 -> CONTRATAÇÃO DE MÃO DE OBRA
A2: PROPRIETÁRIO: | D2: =BDI!B2 -> MUNICIPIO DE SÃO DOMINGOS - GO
A3: MUNICÍPIO: | D3: =BDI!B3 -> SÃO DOMINGOS - GO
A4: DATA: | D4: =BDI!B4 -> São Domingos - GO, 06 de março de 2026
A6: CRONOGRAMA FÍSICO-FINANCEIRO
A7: Item | D7: Obras | J7: Valores | K7: % da | L7: Período (mês)
D8: Descrição | K8: Etapa | L8: 1 | M8: 2 | N8: 3 | O8: 4 | P8: 5 | Q8: 6 | R8: 7 | S8: 8 | T8: 9 | U8: 10 | V8: 11 | W8: 12
A9: =Orçamento!A8 -> 1.1 | B9: =Orçamento!B8 | C9: =Orçamento!C8 -> 0 | D9: =Orçamento!D8 -> PINTOR | J9: =Orçamento!J8 -> 483429.63 | K9: =Orçamento!K8 -> 0.32835166 | L9: =$X$9 -> 0.083333333 | M9: =$X$9 -> 0.083333333 | N9: =$X$9 -> 0.083333333 | O9: =$X$9 -> 0.083333333 | P9: =$X$9 -> 0.083333333 | Q9: =$X$9 -> 0.083333333 | R9: =$X$9 -> 0.083333333 | S9: =$X$9 -> 0.083333333 | ... W9: =$X$9 -> 0.083333333 | X9: =1/12 -> 0.083333333
L10: =$J$9*L9 -> 40285.803 | M10: =$J$9*M9 -> 40285.803 | N10: =$J$9*N9 -> 40285.803 | O10: =$J$9*O9 -> 40285.803 | P10: =$J$9*P9 -> 40285.803 | Q10: =$J$9*Q9 -> 40285.803 | R10: =$J$9*R9 -> 40285.803 | S10: =$J$9*S9 -> 40285.803 | ... W10: =$J$9*W9 -> 40285.803
A11: =Orçamento!A10 -> 1.2 | B11: =Orçamento!B10 | C11: =Orçamento!C10 -> 0 | D11: =Orçamento!D10 -> PEDREIRO | J11: =Orçamento!J10 -> 344789.76 | K11: =Orçamento!K10 -> 0.23418566 | L11: =$X$9 -> 0.083333333 | M11: =$X$9 -> 0.083333333 | N11: =$X$9 -> 0.083333333 | O11: =$X$9 -> 0.083333333 | P11: =$X$9 -> 0.083333333 | Q11: =$X$9 -> 0.083333333 | R11: =$X$9 -> 0.083333333 | S11: =$X$9 -> 0.083333333 | ... W11: =$X$9 -> 0.083333333
L12: =$J$11*L11 -> 28732.48 | M12: =$J$11*M11 -> 28732.48 | N12: =$J$11*N11 -> 28732.48 | O12: =$J$11*O11 -> 28732.48 | P12: =$J$11*P11 -> 28732.48 | Q12: =$J$11*Q11 -> 28732.48 | R12: =$J$11*R11 -> 28732.48 | S12: =$J$11*S11 -> 28732.48 | ... W12: =$J$11*W11 -> 28732.48
A13: =Orçamento!A12 -> 1.3 | B13: =Orçamento!B12 | C13: =Orçamento!C12 -> 0 | D13: =Orçamento!D12 -> SERVENTE | J13: =Orçamento!J12 -> 318183.94 | K13: =Orçamento!K12 -> 0.21611464 | L13: =$X$9 -> 0.083333333 | M13: =$X$9 -> 0.083333333 | N13: =$X$9 -> 0.083333333 | O13: =$X$9 -> 0.083333333 | P13: =$X$9 -> 0.083333333 | Q13: =$X$9 -> 0.083333333 | R13: =$X$9 -> 0.083333333 | S13: =$X$9 -> 0.083333333 | ... W13: =$X$9 -> 0.083333333
L14: =$J$13*L13 -> 26515.328 | M14: =$J$13*M13 -> 26515.328 | N14: =$J$13*N13 -> 26515.328 | O14: =$J$13*O13 -> 26515.328 | P14: =$J$13*P13 -> 26515.328 | Q14: =$J$13*Q13 -> 26515.328 | R14: =$J$13*R13 -> 26515.328 | S14: =$J$13*S13 -> 26515.328 | ... W14: =$J$13*W13 -> 26515.328
A15: =Orçamento!A14 -> 1.4 | B15: =Orçamento!B14 | C15: =Orçamento!C14 -> 0 | D15: =Orçamento!D14 -> SERRALHEIRO | J15: =Orçamento!J14 -> 138122.75 | K15: =Orçamento!K14 -> 0.093814759 | L15: =$X$9 -> 0.083333333 | M15: =$X$9 -> 0.083333333 | N15: =$X$9 -> 0.083333333 | O15: =$X$9 -> 0.083333333 | P15: =$X$9 -> 0.083333333 | Q15: =$X$9 -> 0.083333333 | R15: =$X$9 -> 0.083333333 | S15: =$X$9 -> 0.083333333 | ... W15: =$X$9 -> 0.083333333
L16: =$J$15*L15 -> 11510.229 | M16: =$J$15*M15 -> 11510.229 | N16: =$J$15*N15 -> 11510.229 | O16: =$J$15*O15 -> 11510.229 | P16: =$J$15*P15 -> 11510.229 | Q16: =$J$15*Q15 -> 11510.229 | R16: =$J$15*R15 -> 11510.229 | S16: =$J$15*S15 -> 11510.229 | ... W16: =$J$15*W15 -> 11510.229
A17: =Orçamento!A16 -> 1.5 | B17: =Orçamento!B16 | C17: =Orçamento!C16 -> 0 | D17: =Orçamento!D16 -> CARPINTEIRO | J17: =Orçamento!J16 -> 138019.33 | K17: =Orçamento!K16 -> 0.093744512 | L17: =$X$9 -> 0.083333333 | M17: =$X$9 -> 0.083333333 | N17: =$X$9 -> 0.083333333 | O17: =$X$9 -> 0.083333333 | P17: =$X$9 -> 0.083333333 | Q17: =$X$9 -> 0.083333333 | R17: =$X$9 -> 0.083333333 | S17: =$X$9 -> 0.083333333 | ... W17: =$X$9 -> 0.083333333
L18: =$J$17*L17 -> 11501.611 | M18: =$J$17*M17 -> 11501.611 | N18: =$J$17*N17 -> 11501.611 | O18: =$J$17*O17 -> 11501.611 | P18: =$J$17*P17 -> 11501.611 | Q18: =$J$17*Q17 -> 11501.611 | R18: =$J$17*R17 -> 11501.611 | S18: =$J$17*S17 -> 11501.611 | ... W18: =$J$17*W17 -> 11501.611
A19: =Orçamento!A18 -> 1.6 | B19: =Orçamento!B18 | C19: =Orçamento!C18 -> 0 | D19: =Orçamento!D18 -> VIDRACEIRO | J19: =Orçamento!J18 -> 49746.944 | K19: =Orçamento!K18 -> 0.033788768 | L19: =$X$9 -> 0.083333333 | M19: =$X$9 -> 0.083333333 | N19: =$X$9 -> 0.083333333 | O19: =$X$9 -> 0.083333333 | P19: =$X$9 -> 0.083333333 | Q19: =$X$9 -> 0.083333333 | R19: =$X$9 -> 0.083333333 | S19: =$X$9 -> 0.083333333 | ... W19: =$X$9 -> 0.083333333
L20: =$J$19*L19 -> 4145.5787 | M20: =$J$19*M19 -> 4145.5787 | N20: =$J$19*N19 -> 4145.5787 | O20: =$J$19*O19 -> 4145.5787 | P20: =$J$19*P19 -> 4145.5787 | Q20: =$J$19*Q19 -> 4145.5787 | R20: =$J$19*R19 -> 4145.5787 | S20: =$J$19*S19 -> 4145.5787 | ... W20: =$J$19*W19 -> 4145.5787
A21: TOTAL | J21: =SUM(J9:J20) -> 1472292.4 | K21: =SUM(K9:K20) -> 1
A22: Total Mensal | L22: =SUM(L10,L12,L14,L16,L18,L20) -> 122691.03 | M22: =SUM(M10,M12,M14,M16,M18,M20) -> 122691.03 | N22: =SUM(N10,N12,N14,N16,N18,N20) -> 122691.03 | O22: =SUM(O10,O12,O14,O16,O18,O20) -> 122691.03 | P22: =SUM(P10,P12,P14,P16,P18,P20) -> 122691.03 | Q22: =SUM(Q10,Q12,Q14,Q16,Q18,Q20) -> 122691.03 | R22: =SUM(R10,R12,R14,R16,R18,R20) -> 122691.03 | S22: =SUM(S10,S12,S14,S16,S18,S20) -> 122691.03 | ... W22: =SUM(W10,W12,W14,W16,W18,W20) -> 122691.03
A23: % | L23: =L22/$J$21 -> 0.083333333 | M23: =M22/$J$21 -> 0.083333333 | N23: =N22/$J$21 -> 0.083333333 | O23: =O22/$J$21 -> 0.083333333 | P23: =P22/$J$21 -> 0.083333333 | Q23: =Q22/$J$21 -> 0.083333333 | R23: =R22/$J$21 -> 0.083333333 | S23: =S22/$J$21 -> 0.083333333 | ... W23: =W22/$J$21 -> 0.083333333
A24: Total Acumulado | L24: =L22 -> 122691.03 | M24: =M22+L24 -> 245382.06 | N24: =N22+M24 -> 368073.09 | O24: =O22+N24 -> 490764.12 | P24: =P22+O24 -> 613455.15 | Q24: =Q22+P24 -> 736146.18 | R24: =R22+Q24 -> 858837.21 | S24: =S22+R24 -> 981528.23 | T24: =T22+S24 -> 1104219.3 | ... W24: =W22+V24 -> 1472292.4
A25: % Acumulado | L25: =L23 -> 0.083333333 | M25: =M23+L25 -> 0.16666667 | N25: =N23+M25 -> 0.25 | O25: =O23+N25 -> 0.33333333 | P25: =P23+O25 -> 0.41666667 | Q25: =Q23+P25 -> 0.5 | R25: =R23+Q25 -> 0.58333333 | S25: =S23+R25 -> 0.66666667 | T25: =T23+S25 -> 0.75 | ... W25: =W23+V25 -> 1
A27: 1 - O cronograma fisíco-financeiro foi estabelecido com base na itemização de obras definido nos orçamentos realizados.
A28: 2 - O prazo para a execução de obras foi estabelecido com base nos orçamentos realizados.
A29: 3 - A definição de ínicio da obra será estabelecido com base nos prazos comuns de trâmites administrativo e licitação.
Q31: =BDI!D29 -> São Domingos - GO, 06 de março de 2026
O34: =BDI!C34 -> RESPONSÁVEL TÉCNICO
O35: =BDI!C35 -> Thallys Cabral de Morais
O36: =BDI!C36 -> Engenhario Civil
O37: =BDI!C37 -> 1.015.097.391 D/GO
K63: =BDI!C34 -> RESPONSÁVEL TÉCNICO
K64: =BDI!C35 -> Thallys Cabral de Morais
K65: =BDI!C36 -> Engenhario Civil
K66: =BDI!C37 -> 1.015.097.391 D/GO
